 Dungeon Crawl Stone Soup version 0.26-a0-1191-ge2a0e31ab3 (webtiles) character file.

Game seed: 16370306901123207463

46 sahdkjhfkaj the Poker (level 3, -3/26 HPs)
             Began as an Octopode Fighter on Dec 28, 2020.
             Slain by Terence
             ... wielding a +0 flail
              (6 damage)
             ... on level 2 of the Dungeon.
             The game lasted 00:04:25 (1424 turns).

sahdkjhfkaj the Poker (Octopode Fighter)            Turns: 1424, Time: 00:04:26

Health: -3/26      AC:  1    Str: 16    XL:     3   Next: 68%
Magic:  3/3        EV: 11    Int: 10    God:
Gold:   89         SH:  8    Dex: 11    Spells: 2/2 levels left

rFire    . . .     SeeInvis .   a - +0 trident
rCold    . . .     Faith    .   b - +0 kite shield
rNeg     . . .     Spirit   .   (helmet restricted)
rPois    .         Reflect  .   (no amulet)
rElec    .         Harm     .   (no ring)
rCorr    .         Rampage  .   (no ring)
Will     .....                  (no ring)
Stlth    ++........             (no ring)
HPRegen  0.08/turn              (no ring)
MPRegen  0.08/turn              (no ring)
                                (no ring)
                                (no ring)

@: no status effects
A: almost no armour, stealthy swim, amphibious, 8 rings, constrict 8, camouflage
1, gelatinous body 1
a: no special abilities


You were on level 2 of the Dungeon.
You visited 1 branch of the dungeon, and saw 2 of its levels.

You collected 89 gold pieces.

Inventory:

Hand Weapons
 a - a +0 trident (weapon)
Missiles
 m - 2 throwing nets (quivered) {!f}
Armour
 b - a +0 kite shield (worn)
Jewellery
 j - an uncursed ring of poison resistance {unknown}
 l - an uncursed ring of positive energy {unknown}
Scrolls
 d - a scroll of remove curse
 i - a scroll of blinking {unknown}
 k - 2 scrolls of teleportation {!r}
Potions
 c - a potion of might
 e - a potion of degeneration {unknown}
 f - a potion of magic {unknown}
 g - a potion of curing {unknown}


   Skills:
 - Level 3.0 Fighting
 + Level 3.9 Polearms
 - Level 3.0 Dodging
 - Level 3.0 Shields


You had 2 spell levels left.
You didn't know any spells.
Your spell library was empty.

Dungeon Overview and Level Annotations

Branches:
Dungeon (2/15)

Altars:

Annotations:
D:2 Terence


Innate Abilities, Weirdness & Mutations

You cannot wear most types of armour.
You are very stealthy in the water. (Stealth+)
You are amphibious.
You can wear up to eight rings at the same time.
You can use your tentacles to constrict eight enemies at once.
Your skin changes colour to match your surroundings (Stealth+).
Your rubbery body absorbs attacks. (AC +1, EV +1)


Message History

Terence hits you with a +0 flail.
You are too injured to fight recklessly!
You release your grip on Terence.
Terence bares his teeth.
Press: ? - help, v - describe, . - travel
Here: Terence, wielding a +0 flail and wearing a +0 scale mail (heavily wounded)
The floor.
Unknown command.
Unknown command.
Press: ? - help, v - describe, . - travel The floor.
Unknown command.
You hit Terence. Your grab misses Terence.
Terence is severely wounded.
Terence hits you with a +0 flail!
* * * LOW HITPOINT WARNING * * *
You see here an adder corpse.
Terence says, "Time to say good-bye..."
Terence hits you with a +0 flail.
You die...

#.# #######.#
#.....#.#
#.....#.#
#.....#.#
########.....#.#
...........^.#†#
.#######.....#.#
#...@@..#
#.####.## .. #.#
#.# ....####.##
#.#
#........###.#
######.......#
### #.#####.#
..## ##.# #.#
#).# #####..###
...


You could see Terence.

Vanquished Creatures
  2 adders (D:2)
  A dart slug (D:2)
  2 leopard geckos (D:1)
  A giant cockroach (D:1)
  4 goblins
  2 hobgoblins (D:1)
  A ball python (D:1)
  5 bats
  2 frilled lizards (D:1)
  6 kobolds
26 creatures vanquished.

Vanquished Creatures (others)
  9 plants (D:1)
9 creatures vanquished.

Grand Total: 35 creatures vanquished

Notes
Turn   | Place    | Note
-------+----------+-------------------------------------------
     0 | D:1      | sahdkjhfkaj the Octopode Fighter began the quest for the
                  | Orb.
     0 | D:1      | Reached XP level 1. HP: 16/16 MP: 1/1
   327 | D:1      | Reached XP level 2. HP: 16/21 MP: 2/2
  1005 | D:2      | Reached XP level 3. HP: 17/26 MP: 3/3
  1389 | D:2      | Noticed Terence
  1401 | D:2      | HP: 1/26 [Terence/+0 flail (9)]
  1424 | D:2      | Slain by Terence

Illustrated notes

Levels and vault maps discovered:
D:1:      kennysheep_arrival_seaside, layout_loops_cross, corner_web_ring,
          hangedman_decor_push, hangedman_decor_opposing,
          minmay_misc_feat_secret_circle
D:2:      layout_rooms, uniq_terence, uniq_natasha

Skill      XL: |  1  2 |
---------------+-------+-----
Polearms       | 3 |  3.9
Fighting       | |  3.0
Dodging        | |  3.0
Shields        | |  3.0

Action                   || total
-------------------------++-------
Melee: Trident           ||    60
       Constrict         ||    22
       Tentacles         ||    13
  Use: Scroll            ||     4
 Stab: Sleeping          ||     5
Armor: Skin              ||     2
Dodge: Dodged            ||    23
Block: Kite shield       ||    14

Table legend: (Time is in decaauts)
 A = Elapsed time spent in this place.
 B = Non-inter-level travel time spent in this place.
 C = Inter-level travel time spent in this place.
 D = Time resting spent in this place.
 E = Time spent auto-exploring this place.
 F = Levels seen in this place.
 G = Mean time per level.
                   A        B        C        D        E       F      G
               +--------+--------+--------+--------+--------+-----+--------+
         Total |   1438 |   1370 |     68 |    149 |    857 |   2 |  719.0 |
       Dungeon |   1438 |   1370 |     68 |    149 |    857 |   2 |  719.0 |
               +--------+--------+--------+--------+--------+-----+--------+

Top non-repeatable levels by time:
     D:1: 996 daAuts
     D:2: 441 daAuts
